 Dungeon Crawl Stone Soup version 0.24-a0-702-gaeb99fb (webtiles) character file.

Game seed: 14017771316584715869, levelgen mode: deterministic

4038 silenth the Conjurer (level 9, -8/63 HPs)
             Began as a Demigod Conjurer on Sept 30, 2019.
             Mangled by a yak (9 damage)
             ... on level 7 of the Dungeon.
             The game lasted 00:17:43 (12136 turns).

silenth the Conjurer (Demigod Conjurer)            Turns: 12136, Time: 00:17:44

Health: -8/63      AC:  8    Str: 16    XL:     9   Next: 75%
Magic:  3/22       EV: 16    Int: 25    God:
Gold:   404        SH:  3    Dex: 16    Spells: 14/20 levels left

rFire    + . .     SeeInvis .   z - +1 quarterstaff (speed)
rCold    . . .     Gourm    .   (shield currently unavailable)
rNeg     . . .     Faith    .   a - +1 robe
rPois    .         Spirit   .   (no helmet)
rElec    .         Reflect  +   N - +1 cloak
rCorr    .         Harm     .   B - +2 pair of gloves
MR       .....                  (no boots)
Stlth    +++.......             M - amulet of Attitude {Reflect +Fly rF+ SH+3}
HPRegen  0.20/turn              (no ring)
MPRegen  0.18/turn              (no ring)

@: mighty, very slightly contaminated, drained
A: high mp 1
a: Evoke Flight


You were on level 7 of the Dungeon.
You were not hungry.

You visited 2 branches of the dungeon, and saw 8 of its levels.
You also visited: Sewer.

You collected 453 gold pieces.
You spent 49 gold pieces at shops.

Inventory:

Hand Weapons
 f - a +2 dagger of venom
 s - a +2 whip of distortion
 t - a +2 short sword of draining
 x - a +2 short sword of flaming
 z - a +1 quarterstaff of speed (weapon)
 A - a +1 whip of electrocution
 C - the +8 dagger "Haxemuil" {pain, rC+ Int+3 Dex+3}
   (You took it off a kobold on level 4 of the Dungeon)

   In the hands of one skilled in necromantic magic, it inflicts extra damage on
   living creatures.
   It affects your intelligence (+3).
   It affects your dexterity (+3).
   It protects you from cold.
 G - the +4 great sword of Floods {antimagic, *Rage rPois Int+7}
   (You found it on level 6 of the Dungeon)

   It reduces the magical energy of the wielder, and disrupts the spells and
   magical abilities of those hit.
   Natural abilities and divine invocations are not affected.
   It affects your intelligence (+7).
   It protects you from poison.
   It may make you go berserk in combat.
 I - a +2 war axe of freezing
 J - a +1 trident of pain
Armour
 a - a +1 robe (worn)
 B - a +2 pair of gloves (worn)
 N - a +1 cloak (worn)
 P - a +0 robe of fire resistance
Jewellery
 v - an uncursed ring of ice
 M - the amulet of Attitude (around neck) {Reflect +Fly rF+ SH+3}
   (You found it on level 7 of the Dungeon)

   [amulet of reflection]

   It shields you and reflects attacks.
   It protects you from fire.
   It lets you fly.
   It affects your SH (+3).
Wands
 k - a wand of polymorph (4)
 E - a wand of digging (7)
Scrolls
 c - 3 scrolls of enchant weapon
 g - 3 scrolls of teleportation
 j - 2 scrolls of blinking {unknown}
 l - a scroll of fear {unknown}
 m - 3 scrolls of fog {unknown}
 p - 6 scrolls of remove curse {unknown}
 w - a scroll of random uselessness {unknown}
 y - a scroll of magic mapping {unknown}
 D - a scroll of enchant armour
 K - a scroll of immolation {unknown}
Potions
 b - 4 potions of flight
 d - 6 potions of curing {unknown}
 h - 2 potions of lignification {unknown}
 i - a potion of resistance {unknown}
 n - 2 potions of brilliance
 o - 2 potions of cancellation {unknown}
 r - a potion of magic
 u - a potion of haste {unknown}
 H - a potion of ambrosia {unknown}
 L - a potion of mutation {unknown}
Comestibles
 e - 15 rations


   Skills:
 + Level 0.5(0.0) Fighting
 + Level 6.8(5.7) Dodging
 + Level 7.5(6.3) Stealth
 + Level 6.3(5.1) Spellcasting
 + Level 7.6(6.4) Conjurations


You had 14 spell levels left.
You knew the following spells:

 Your Spells              Type           Power        Failure   Level  Hunger
a - Magic Dart            Conj           ####         1%          1    None
b - Searing Ray           Conj           #####.       1%          2    None
c - Dazzling Spray        Conj/Hex       ###...       6%          3    ##.....

Your spell library contained the following spells:

 Spells                   Type           Power        Failure   Level  Hunger
 Iskenderun's Mystic Bla  Conj           #####...     5%          4    ####...
 Beastly Appendage        Tmut           #.....       9%          1    None
 Sticks to Snakes         Tmut           #.......     12%         2    None
 Force Lance              Conj/Tloc      ###.....     22%         4    ####...
 Fulminant Prism          Conj/Hex       ###.......   22%         4    ####...
 Spider Form              Tmut/Pois      #.........   24%         3    ##.....
 Ice Form                 Ice/Tmut       #.......     63%         4    ####...
 Blade Hands              Tmut           #.........   92%         5    #####..


Dungeon Overview and Level Annotations

Branches:
Dungeon (7/15)             Temple (1/1) D:7           Sewer (visited)

Shops:
D:7 *


Innate Abilities, Weirdness & Mutations

You have an increased reservoir of magic. (+10% MP)


Message History

The spray of energy misses the yak.
The spray of energy hits the yak.
The yak is heavily wounded.
The yak gores you!
* * * LOW HITPOINT WARNING * * *
The yak barely misses you. The yak gores you but does no damage.
Things that are here:
a +0 hand axe; a +0 animal skin You feel very mighty all of a sudden.
The yak gores you.
* * * LOW HITPOINT WARNING * * *
You hit the yak.
The yak is almost dead.
The yak misses you.
You sock the yak!
You kill the yak!
You sock the yak!
The yak is almost dead.
The yak gores you!
You die...

.▒ ▒.............▒ ▒.▒.▒▒▒. .▒
▒.▒▒▒▒.▒▒▒▒▒▒.▒ ▒..>▒ ▒) .▒ ▒.▒
▒.▒ ▒.▒ ▒▒▒.▒▒▒. .▒ ▒.▒ ▒.▒ ▒.▒
▒▒...▒ .▒▒▒▒▒▒.▒ ▒.▒ ▒.▒ ▒▒.▒▒
........▒ ▒.▒▒▒▒▒▒.▒▒▒▒▒▒▒▒ ▒.▒▒
.▒▒▒▒▒▒▒▒ ▒...............▒ ▒.▒▒
.▒▒▒▒▒▒▒▒▒▒▒.....▒▒.▒▒▒▒▒▒.▒ ▒.▒▒
.............▒▒▒@▒..<▒▒▒▒▒.▒▒▒.▒▒
▒▒▒▒▒▒▒▒▒▒▒▒▒▒▒▒Y▒.▒...[.[...[.▒▒
▒..▒...▒▒▒▒▒.......
▒..#######▒▒..▒▒▒▒▒
▒..'...%%#...)▒ ▒▒.#....%#▒▒▒.▒
▒▒###'### ▒.▒ .....# ▒.▒ ▒ .....#
▒.▒


You could see a yak.

Vanquished Creatures
  Grinder (D:6)
  A human (D:7)
  A yak (D:7)
  A hungry ghost (D:7)
  2 hogs (D:7)
  The ghost of Beastboi404 the Skirmisher, an amateur OgBe of Trog (D:4)
  Duvessa (D:7)
  An orc warrior (D:7)
  A phantom (D:4)
  2 ice beasts
  7 ogres
  A centaur (D:6)
  3 big kobolds
  4 bullfrogs
  2 scorpions
  Dowan (D:7)
  4 wights (D:7)
  2 howler monkeys (D:6)
  3 crimson imps (D:7)
  A centaur skeleton (D:6)
  6 orc priests
  2 hounds
  6 orc wizards
  3 iguanas
  2 bullfrog skeletons
  4 worker ants
  A hound skeleton (D:4)
  2 river rats (Sewer)
  7 adders
  A gnoll (D:5)
  2 shadow imps (D:6)
  An ooze (D:2)
  An adder zombie (D:5)
  3 worms
  2 dart slugs (D:2)
  6 leopard geckos
  35 orcs
  7 giant cockroaches
  9 goblins
  5 hobgoblins
  7 jackals
  5 quokkas
  8 bats
  7 frilled lizards
  29 kobolds
  2 leopard gecko skeletons
  A quokka zombie (D:6)
  21 rats
225 creatures vanquished.

Vanquished Creatures (others)
  A fungus (D:4)
  A plant (D:4)
2 creatures vanquished.

Grand Total: 227 creatures vanquished

Notes
Turn   | Place    | Note
-------+----------+-------------------------------------------
     0 | D:1      | silenth the Demigod Conjurer began the quest for the Orb.
     0 | D:1      | Reached XP level 1. HP: 14/14 MP: 5/5
    22 | D:1      | Reached skill level 2 in Stealth
    36 | D:1      | Reached skill level 2 in Dodging
    43 | D:1      | HP: 1/14 [rat (2)]
    46 | D:1      | Reached XP level 2. HP: 2/20 MP: 4/7
    48 | D:1      | Reached skill level 2 in Spellcasting
   995 | D:1      | Reached XP level 3. HP: 26/26 MP: 2/8
  1671 | D:2      | Reached skill level 4 in Conjurations
  2148 | D:2      | Noticed a bullfrog
  2155 | D:2      | Killed a bullfrog
  2155 | D:2      | Reached skill level 3 in Stealth
  2155 | D:2      | Reached XP level 4. HP: 33/33 MP: 0/10
  2765 | D:3      | Reached XP level 5. HP: 33/38 MP: 11/11
  2964 | D:3      | Found a shadowy altar of Dithmenos.
  3086 | D:3      | Learned a level 2 spell: Searing Ray
  3090 | D:3      | Learned a level 3 spell: Dazzling Spray
  3118 | D:3      | Reached skill level 3 in Dodging
  3932 | D:3      | Reached skill level 3 in Spellcasting
  4445 | D:4      | Noticed a phantom
  4462 | D:4      | Noticed an ogre
  4465 | D:4      | Killed a phantom
  4465 | D:4      | Reached XP level 6. HP: 27/45 MP: 1/13
  4679 | D:4      | Found a glowing drain.
  4749 | Sewer    | Entered a sewer
  4920 | Sewer    | Reached skill level 4 in Stealth
  4954 | Sewer    | Found a white marble altar of Elyvilon.
  5011 | D:4      | Reached skill level 5 in Conjurations
  5011 | D:4      | Reached XP level 7. HP: 50/50 MP: 10/15
  5083 | D:4      | Reached skill level 4 in Dodging
  5142 | D:4      | Found a snail-covered altar of Cheibriados.
  5157 | D:4      | Found a runed translucent gate.
  5157 | D:4      | Found a runed translucent gate.
  5157 | D:4      | Found a runed translucent gate.
  5157 | D:4      | Identified the +8 dagger "Haxemuil" {pain, rC+ Int+3 Dex+3}
  5312 | D:4      | Noticed Beastboi404's ghost (amateur OgBe)
  5336 | D:4      | Killed Beastboi404's ghost
  5673 | D:4      | Reached skill level 4 in Spellcasting
  6220 | D:5      | Entered Level 5 of the Dungeon
  6368 | D:5      | Reached skill level 5 in Stealth
  6906 | D:5      | Reached XP level 8. HP: 57/57 MP: 12/18
  7107 | D:5      | Found a stormy altar of Qazlal.
  7156 | D:5      | Reached skill level 5 in Dodging
  7317 | D:6      | Noticed Grinder
  7334 | D:6      | Killed Grinder
  7334 | D:6      | Reached skill level 6 in Conjurations
  7758 | D:6      | Reached skill level 5 in Spellcasting
  7980 | D:6      | Reached skill level 6 in Stealth
  8523 | D:6      | Got a fine great sword
  8530 | D:6      | Identified the +4 great sword of Floods {antimagic, *Rage
                  | rPois Int+7} (You found it on level 6 of the Dungeon)
  9522 | D:7      | Reached XP level 9. HP: 53/62 MP: 3/20
  9623 | D:7      | Found Xor Inuqoi's Assorted Antiques.
  9628 | D:7      | Bought a scroll labeled ZOUHOLOLUC for 26 gold pieces
  9628 | D:7      | Bought a fizzy golden potion for 23 gold pieces
  9632 | D:7      | Got a crude lead amulet
  9633 | D:7      | Identified the amulet of Attitude {Reflect +Fly rF+ SH+3}
                  | (You found it on level 7 of the Dungeon)
  9750 | D:7      | Found a staircase to the Ecumenical Temple.
  9864 | Temple   | Entered the Ecumenical Temple
  9894 | D:7      | Reached skill level 6 in Dodging
 10138 | D:7      | Reached skill level 7 in Conjurations
 10435 | D:7      | Reached skill level 7 in Stealth
 10746 | D:7      | Noticed Dowan
 10747 | D:7      | Noticed Duvessa
 10753 | D:7      | Killed Dowan
 10761 | D:7      | Killed Duvessa
 10761 | D:7      | Reached skill level 6 in Spellcasting
 11143 | D:7      | HP: 4/62 [yak (7)]
 12128 | D:7      | HP: 5/62 [yak (9)]
 12133 | D:7      | HP: 1/62 [yak (5)]
 12136 | D:7      | Mangled by a yak

Levels and vault maps discovered:
D:1:      erik_arrival_orb_chamber, layout_rooms
D:2:      layout_basic, minmay_misc_feat_x, minmay_pentomino_pile
D:3:      layout_rooms, first_ration, grunt_ministairs_15, grunt_dithmenos_smoke
D:4:      layout_basic, gammafunk_ghost_nasty_kobolds, gup_sewer_entry_glass,
          st_stairs_5, minivault_11, cheibriados_altar_1
D:5:      layout_gridville, basic_altar, minmay_pentangle
D:6:      layout_layer_cave, minmay_starry_boxes, uniq_grinder
D:7:      layout_loops_ring, minmay_temple_entry_nine_rooms, serial_shops,
          shop_fountains, grunt_livestock, minmay_misc_feat_cross, uniq_duvessa
Temple:   compressed_dpeg_circular_temple

Skill      XL: |  1  2  3  4  5  6  7  8  9 |
---------------+----------------------------+-----
Stealth        | 2 3 4 5 6 7 |  7.5
Dodging        | 2 3 4 5 6 |  6.8
Spellcasting   | 2 3 4 5 6 |  6.3
Conjurations   | 4 5 6 7 |  7.6
Fighting       | |  0.5

Action                   |  1- 3 |  4- 6 |  7- 9 || total
-------------------------+-------+-------+-------++-------
Melee: Short sword       |    59 |       |       ||    59
       Whip              |       |    27 |       ||    27
       Quarterstaff      |       |    38 |   185 ||   223
 Cast: Magic Dart        |   104 |   146 |   268 ||   518
       Searing Ray       |       |       |    21 ||    21
       Dazzling Spray    |       |       |    45 ||    45
  Use: Scroll            |       |     5 |     3 ||     8
       Potion            |       |       |     2 ||     2
 Stab: Sleeping          |     2 |     1 |       ||     3
       Invisible         |       |       |     1 ||     1
  Eat: Chunk             |     4 |     9 |    11 ||    24
       Ration            |       |       |     4 ||     4
Armor: Robe              |    15 |    13 |    60 ||    88
Dodge: Dodged            |    75 |    76 |   196 ||   347
Block: Other             |       |       |    19 ||    19

Table legend:
 A = Non-vault XP
 B = Vault XP
 C = Vault XP percentage of total XP
 D = Non-vault monster count
 E = Vault monster count
 F = Vault count percentage of total count
                 A         B        C        D         E       F
            +---------+---------+-------+---------+---------+-------
      Total |    3508 |    2261 |  39.2 |     163 |      62 |  27.6
            +---------+---------+-------+---------+---------+-------
        D:1 |      40 |      12 |  23.1 |      25 |      12 |  32.4
        D:2 |      68 |     105 |  60.7 |      21 |       5 |  19.2
        D:3 |     144 |       1 |   0.7 |      28 |       1 |   3.4
        D:4 |     594 |     265 |  30.8 |      17 |      13 |  43.3
        D:5 |     542 |      60 |  10.0 |      13 |       5 |  27.8
        D:6 |     569 |     667 |  54.0 |      24 |       8 |  25.0
        D:7 |    1551 |    1011 |  39.5 |      35 |       6 |  14.6
      Sewer |       0 |     140 | 100.0 |       0 |      12 | 100.0
            +---------+---------+-------+---------+---------+-------
